AoeStats
← 战歌

Nomad

510533903Analyzed
4v4 RM · 2d ago on Oct 1, 2026· 46m 4s· 8 players
Game mode
Random Map
Map size
231×231
Population
200
Speed
Normal
Resources
Standard
Victory
Conquest
Starting age
Dark Age
Ending age
Imperial Age
RankedLock teamsTeams togetherTeam positionsShared explorationLock speedFull tech treeHidden civsTurbo modeCheats
Victory
Defeat
🇨🇦 Khmer · Canada
1409
+14
🇹🇼 Vietnamese · Taiwan
1401
+14
🇨🇳 Wu · China
1342
+17
🇭🇰 Franks · Hong Kong SAR China
1322
+17
🇭🇺 Cumans · Hungary
1402
-17
🇨🇳 Armenians · China
1358
-16
🇩🇪 Bulgarians · Germany
1346
-15
🇭🇺 Tatars · Hungary
1330
-14
Chungus
4:34 Loom
14:05 Feudal Age
14:44 Double-Bit Axe
17:39 Castle Age
16:05 Horse Collar
17:01 Fishing Lines
18:30 Bow Saw
18:24 Fletching
18:43 Gillnets
19:07 Bodkin Arrow
22:11 Thumb Ring
23:30 Padded Archer Armor
24:21 Gold Mining
25:00 Ballistics
26:37 Leather Archer Armor
27:42 Capped Ram
30:34 Bloodlines
37:04 Wheelbarrow
37:06 Gold Shaft Mining
Wololooo
3:25 Loom
14:11 Feudal Age
15:18 Double-Bit Axe
18:12 Scale Barding Armor
18:19 Forging
23:10 Fletching
25:03 Padded Archer Armor
27:55 Horse Collar
29:42 Gold Mining
32:20 Castle Age
33:35 Bloodlines
33:26 Husbandry
32:47 Light Cavalry
38:20 Gold Shaft Mining
Lynx
7:28 Loom
14:46 Feudal Age
18:27 Castle Age
17:11 Fishing Lines
17:52 Double-Bit Axe
19:29 Bow Saw
20:24 Wheelbarrow
21:39 Hand Cart
21:36 Gold Mining
21:52 Gillnets
24:32 Forging
24:28 Scale Barding Armor
25:27 Fletching
28:57 Iron Casting
28:42 Chain Barding Armor
29:58 Horse Collar
30:51 Bodkin Arrow
36:06 Imperial Age
36:35 Ballistics
37:52 Conscription
38:00 Chain Barding Armor
38:40 Blast Furnace
38:25 Conscription
39:24 Chemistry
39:13 Bracer
39:08 Heavy Scorpion
40:00 Stirrups
41:28 Husbandry
41:38 Bloodlines
43:35 Pikeman
44:27 Scale Mail Armor
45:03 Plate Barding Armor
44:29 Halberdier
45:11 Squires
45:28 Chain Mail Armor
Hakka
3:11 Loom
13:47 Feudal Age
13:52 Man-at-Arms
14:34 Long Swordsman
15:46 Arson
16:13 Forging
18:35 Scale Mail Armor
19:33 Town Watch
21:57 Fletching
33:25 Castle Age
AlzzStriker
4:44 Loom
14:34 Feudal Age
17:29 Castle Age
16:06 Double-Bit Axe
17:58 Wheelbarrow
18:27 Bow Saw
19:35 Medium Warships
19:19 Fletching
19:51 Fishing Lines
20:41 Bodkin Arrow
22:22 Ballistics
23:08 Gillnets
23:53 Clinker Construction
25:46 Stone Mining
28:58 Imperial Age
27:03 Gold Mining
28:49 Careening
29:47 Bracer
29:53 Scale Barding Armor
30:26 Hand Cart
31:32 Forging
32:31 Tusk Swords
32:52 Conscription
33:23 Bloodlines
33:13 Husbandry
32:59 Horse Collar
34:07 Elite Battle Elephant
35:47 Chain Barding Armor
37:23 Plate Barding Armor
36:54 Town Watch
38:33 Iron Casting
40:18 Blast Furnace
42:54 Heavy Plow
1★跳高獵人
10:16 Loom
14:10 Feudal Age
15:23 Double-Bit Axe
18:05 Fletching
21:16 Wheelbarrow
22:38 Padded Archer Armor
22:57 Horse Collar
26:20 Castle Age
25:57 Stone Mining
27:07 Bodkin Arrow
26:45 Crossbowman
29:09 Gold Mining
31:40 Hand Cart
37:02 Town Watch
NOT TODAY
9:49 Loom
13:10 Feudal Age
17:24 Castle Age
15:42 Double-Bit Axe
17:16 Fletching
17:26 Padded Archer Armor
18:01 Bodkin Arrow
18:20 Bow Saw
19:30 Leather Archer Armor
21:13 Ballistics
34:19 Scale Barding Armor
34:24 Forging
37:38 Imperial Age
35:57 Husbandry
36:16 Town Watch
38:47 Chain Barding Armor
40:11 Plate Barding Armor
39:47 Cavalier
42:24 Forging
45:09 Cavalier
46:29 Wheelbarrow
47:05 Iron Casting
46:28 Gold Mining
战歌
5:22 Loom
14:40 Feudal Age
15:25 Fishing Lines
15:25 Man-at-Arms
15:51 Arson
19:36 Castle Age
17:38 Double-Bit Axe
19:37 Gold Mining
19:49 Long Swordsman
20:30 Squires
22:22 Gold Shaft Mining
22:17 Scale Mail Armor
27:24 Bow Saw
27:39 Forging
30:00 Fletching
29:48 Elite Skirmisher
31:09 Bodkin Arrow
31:14 Padded Archer Armor
34:39 Stone Mining
36:41 Wheelbarrow
38:57 Hand Cart
40:18 Leather Archer Armor
41:52 Stone Shaft Mining
41:07 Horse Collar
42:29 Ballistics
42:39 Pikeman
47:41 Imperial Age
Connection lost

Rejoining the realm…

Still unreachable

The connection could not be restored.

Session expired

The server has moved on; the page needs a fresh start.